 Dungeon Crawl Stone Soup version 0.29.0-4-gdea44cf6ec (webtiles) character file.

Game seed: 3162600260124533327

98758 qw the Warrior (level 15, -8/147 HPs)
             Began as a Minotaur Berserker on Sept 10, 2022.
             Was an Elder of Trog.
             Mangled by an orc knight
             ... wielding a +0 long sword
              (24 damage)
             ... on level 1 of the Orcish Mines.
             The game lasted 00:10:04 (30990 turns).

qw the Warrior (Minotaur Berserker)                Turns: 30990, Time: 00:10:05

Health: -8/147     AC: 29    Str: 31    XL:     15   Next: 75%
Magic:  14/14      EV: 11    Int: 12    God:    Trog [****..]
Gold:   798        SH: 13    Dex: 13    Spells: 14/14 levels left

rFire   x . .      SeeInvis .   d - +4 war axe of Due Proportion {venom, Dex+3}
rCold   + + .      Faith    .   s - +0 kite shield
rNeg    . . .      Spirit   .   w - +1 plate armour {rPois}
rPois   +          Reflect  .   (helmet restricted)
rElec   +          Harm     .   m - +2 cloak
rCorr   .          Rampage  .   h - +2 pair of gloves
Will    ++...                   l - +2 pair of boots
Stlth   ..........              (no amulet)
HPRegen 0.34/turn               u - ring "Tenimot" {Will+ Str+4 Int+4 Slay+2}
MPRegen 0.14/turn               n - ring "Duizoudy" {Wiz rElec rF- rC++ Stlth+}

@: about to teleport, on berserk cooldown, slowed, very slow
A: horns 2, retaliatory headbutt, clever 1, deterioration 1
a: Renounce Religion, Berserk, Trog's Hand, Brothers in Arms


You were on level 1 of the Orcish Mines.
You worshipped Trog.
Trog was greatly pleased with you.
You visited 3 branches of the dungeon, and saw 21 of its levels.

You collected 1683 gold pieces.
You spent 885 gold pieces at shops.


Innate Abilities, Weirdness & Mutations

You have a pair of horns on your head.
You reflexively headbutt those who attack you in melee.
Your mind is acute. (Int +4, Str/Dex -1)
Your body sometimes deteriorates upon taking damage.


   Skills:
 - Level 17.0 Fighting
 - Level 16.1 Axes
 - Level 8.0 Throwing
 - Level 16.0 Armour
 + Level 8.2 Dodging
 - Level 15.6 Shields


You had 14 spell levels left.
You didn't know any spells.
Your spell library was empty.

Inventory:

Hand Weapons
 d - the +4 war axe of Due Proportion (weapon) {venom, Dex+3}
   (You found it on level 6 of the Dungeon)

   It poisons the flesh of those it strikes.
   Dex:       It affects your dexterity (+3).
Missiles
 b - 3 boomerangs (quivered)
Armour
 h - a +2 pair of gloves (worn)
 l - a +2 pair of boots (worn)
 m - a +2 cloak (worn)
 o - the +3 chain mail "Yqeab" {Str+4}
   (You found it on level 10 of the Dungeon)

   Str:       It affects your strength (+4).
 s - a +0 kite shield (worn)
 v - +0 fire dragon scales
 w - a +1 plate armour of poison resistance (worn)
Jewellery
 g - a ring of protection from cold
 n - the ring "Duizoudy" (right hand) {Wiz rElec rF- rC++ Stlth+}
   (You took it off an orc wizard on level 8 of the Dungeon)

   [ring of wizardry]

   It improves your spell success rate.
   rF:        It makes you vulnerable to fire.
   rC:        It greatly protects you from cold.
   rElec:     It insulates you from electricity.
   Stlth:     It makes you more stealthy.
 u - the ring "Tenimot" (left hand) {Will+ Str+4 Int+4 Slay+2}
   (You bought it in a shop on level 13 of the Dungeon)

   [ring of willpower]

   Str:       It affects your strength (+4).
   Int:       It affects your intelligence (+4).
   Slay:      It affects your accuracy & damage with ranged weapons and melee
   (+2).
   Will:      It increases your willpower.
 y - a ring of protection from fire
Scrolls
 a - 13 scrolls of identify
 q - 9 scrolls of teleportation
Potions
 e - 8 potions of curing
 f - 3 potions of haste
 j - 4 potions of heal wounds
 k - 3 potions of mutation
 p - 2 potions of resistance

Dungeon Overview and Level Annotations

Branches:
Dungeon (15/15)            Temple (0/1) D:4            Lair (5/5) D:11
  Swamp (0/4) Lair:3        Snake (0/4) Lair:2        Slime (0/5) Lair:4
    Orc (1/2) D:12         Vaults (0/5) D:13         Depths (0/4) D:15

Altars:
Cheibriados
Elyvilon
Fedhas
Kikubaaqudgha
Makhleb
Nemelex Xobeh
Qazlal
Trog
Vehumet
Wu Jian
Yredelemnul
Zin
The Shining One

Shops:
D:2 (   D:3 *   D:4 *   D:6 [   D:7 *   D:13 **?

Portals:
Trove: D:13 (give crown of Dyrovepreva)

Annotations:
D:12 6 runed translucent doors
D:13 2 transporters, Liimbo's ghost, journeyman FoWn
Lair:4 1 runed translucent door


Message History

The orc warrior is poisoned.
The orc warrior barely misses you. You furiously retaliate!
You headbutt the orc warrior. You block the orc knight's attack.
You hit the orc knight.
The orc knight is poisoned.
Your headbutt misses the orc knight.
The orc knight is moderately wounded.
You slash the orc warrior!
The orc warrior looks as sick as possible!
You slash the orc warrior! You slash the orc knight!
The orc knight hits you with a +0 long sword!
The orc warrior barely misses you. The orc knight misses you.
You furiously retaliate!
You headbutt the orc knight!
The orc warrior unwields a +0 arbalest.
The orc warrior wields a +0 glaive.
The orc warrior closely misses you. You furiously retaliate!
You headbutt the orc warrior, but do no damage.
You closely miss the orc warrior.
The orc warrior is severely wounded.
You slash the orc warrior!
You kill the orc warrior!
Trog accepts your kill.
You slash the orc knight! You hit the orc.
The orc is poisoned.
You slash the orc warrior!
The orc warrior looks as sick as possible!
You hit the orc knight but do no damage.
The orc knight looks as sick as possible!
The orc warrior hits you but does no damage.
The orc knight hits you with a +0 long sword!
You block the orc's attack. You block the orc knight's attack.
The orc warrior barely misses you.
30990 ||| READING 10 scrolls of teleportation.
As you read the scroll of teleportation, it crumbles to dust.
You feel strangely unstable.
The orc warrior hits you but does no damage.
The orc knight closely misses you. You furiously retaliate!
You headbutt the orc knight, but do no damage.
The orc knight barely misses you. You block the orc's attack.
The orc warrior hits you with a +0 glaive!
You block the orc warrior's attack.
The orc knight hits you with a +0 long sword!!
You die...

... ........... .....
..........
.....#..........
.......#.........
.................
........................
........##....(oo)......
#.#.....#......o@o......
#..........$...>.o......
..................o.....
............)...........
......).................
...<..>)))))..).........
......))).>..)..........
......)).)..............
......))).)............


You could see 2 orc knights, 2 orc warriors and 2 orcs.

Vanquished Creatures
  Rupert (D:15)
  Jorgrun (D:15)
  Agnes (D:14)
  Nessos (D:13)
  Azrael (D:14)
  A fire dragon (D:15)
  A rakshasa (D:13)
  4 hydras
  8 boulder beetles
  An ice dragon (D:15)
  5 centaur warriors
  Erica (D:8)
  3 catoblepae
  5 two-headed ogres
  5 death yaks
  2 death knights
  A tengu warrior (D:12)
  Urug (Lair:1)
  An orc high priest (Orc:1)
  Amaemon (Lair:2)
  9 skeletal warriors
  A deep troll (D:14)
  An orc sorcerer (Orc:1)
  4 orc knights
  15 ugly things
  A wizard (D:11)
  12 elephants
  A wolf spider (D:14)
  8 manticores
  9 cyclopes
  Joseph (D:7)
  Maurice (Orc:1)
  A gargoyle (D:12)
  4 black mambas
  An orange demon (Lair:2)
  Maggie (D:7)
  12 komodo dragons
  8 cane toads
  4 unseen horrors
  A rime drake (Lair:5)
  2 efreet
  2 tengu conjurers
  5 trolls
  12 polar bears
  Grinder (D:3)
  A raiju (Lair:5)
  7 dream sheep (Lair:5)
  15 slime creatures
  A culicivora (shapeshifter) (D:15)
  Sigmund (D:3)
  3 shadows
  Eustachio (D:4)
  2 water elementals (D:12)
  16 humans (D:13)
  8 yaks
  4 fire elementals (D:14)
  11 wyverns
  4 basilisks
  2 steam dragons (D:6)
  7 vampire mosquitoes
  2 nagas (Lair:2)
  2 swamp worms (D:11)
  6 wargs (Lair:5)
  4 water moccasins
  An acid dragon (D:12)
  17 hell hounds
  27 orc warriors
  2 sky beasts
  13 black bears
  3 ice beasts
  2 ogres
  16 wolves
  19 centaurs
  3 kobold brigands
  9 bullfrogs
  3 gnoll sergeants
  6 scorpions
  5 wights (D:7)
  10 killer bees
  6 howler monkeys
  3 electric eels (D:12)
  2 gnoll boudas
  3 hounds
  9 orc priests
  A scorpion zombie (D:3)
  4 iguanas (D:5)
  16 orc wizards
  A boggart simulacrum (D:14)
  Robin (D:3)
  24 gnolls
  14 adders
  A shadow imp (D:7)
  An ufetubus (D:7)
  2 worms
  2 dart slugs (D:4)
  69 orcs
  8 ball pythons
  6 bats
  5 endoplasms
  2 giant cockroaches
  14 goblins
  13 hobgoblins
  2 quokkas (D:1)
  A ball python zombie (D:3)
  5 frilled lizards
  16 kobolds
  3 rats (D:2)
629 creatures vanquished.

Vanquished Creatures (collateral kills)
  4 hydras
  A two-headed ogre (D:12)
  3 elephants (Lair:5)
  A black mamba (Lair:5)
  A vampire (D:14)
  2 wraiths
  A swamp worm (D:11)
13 creatures vanquished.

Vanquished Creatures (others)
  A wizard (D:14)
  6 fungi
  43 plants
50 creatures vanquished.

Grand Total: 692 creatures vanquished

Notes
Turn   | Place    | Note
-------+----------+-------------------------------------------
     0 | D:1      | qw the Minotaur Berserker began the quest for the Orb.
     0 | D:1      | Reached XP level 1. HP: 19/19 MP: 0/0
     0 | D:1      | 0 ||| qw: Version: 0.1-a-116-g5d60599
     0 | D:1      | 0 ||| qw: Game counter: 7525
     0 | D:1      | 0 ||| qw: Always use a shield: true
     0 | D:1      | 0 ||| qw: Do Orc after D:15 true
     0 | D:1      | 0 ||| qw: Do second Lair branch before Depths: true
     0 | D:1      | 0 ||| qw: Lair rune preference: random
     0 | D:1      | 0 ||| qw: Plans: Normal
     0 | D:1      | 0 ||| PLANNING D:1-11
   540 | D:1      | Reached XP level 2. HP: 25/26 MP: 1/1
   676 | D:1      | 676 ||| Stepping ~*~*~tactically~*~*~ (stealth).
   785 | D:1      | 785 ||| Stepping ~*~*~tactically~*~*~ (stealth).
   786 | D:1      | 786 ||| Stepping ~*~*~tactically~*~*~ (stealth).
   788 | D:1      | 788 ||| Stepping ~*~*~tactically~*~*~ (stealth).
  1267 | D:1      | 1267 ||| UPGRADING to ring of protection from fire.
  1268 | D:1      | 1268 ||| READING scroll labelled ULIBIO OVVUIRU.
  1269 | D:1      | 1269 ||| READING scroll labelled AREVUF RO KOB.
  1270 | D:1      | 1270 ||| DRINKING 2 blue potions.
  1338 | D:2      | 1338 ||| Stepping ~*~*~tactically~*~*~ (stealth).
  1442 | D:2      | 1442 ||| INVOKING Berserk.
  1445 | D:2      | Reached XP level 3. HP: 31/31 MP: 2/2
  1526 | D:2      | 1526 ||| Stepping ~*~*~tactically~*~*~ (stealth).
  1554 | D:2      | 1554 ||| Stepping ~*~*~tactically~*~*~ (stealth).
  1615 | D:2      | Reached ** piety under Trog
  1955 | D:2      | 1955 ||| DROPPING +0 club.
  2033 | D:2      | Reached XP level 4. HP: 33/39 MP: 3/3
  2177 | D:2      | 2177 ||| INVOKING Berserk.
  2179 | D:2      | Reached skill level 6 in Axes
  2403 | D:2      | Found Zifeal's Weapon Shop.
  2422 | D:2      | 2422 ||| UPGRADING to +0 pair of boots.
  2427 | D:2      | 2427 ||| UPGRADING to +0 cloak.
  2432 | D:2      | 2432 ||| READING scroll labelled YVAATUCAIRYO.
  2437 | D:2      | 2437 ||| READING scroll labelled IRYNOW VURR.
  2438 | D:2      | 2438 ||| DRINKING 2 glowing green potions.
  2439 | D:2      | 2439 ||| DRINKING 2 metallic dark potions.
  2440 | D:2      | 2440 ||| DROPPING potion of attraction.
  2441 | D:2      | 2441 ||| DROPPING potion of brilliance.
  2442 | D:2      | 2442 ||| Stepping randomly (stuck).
  2443 | D:2      | 2443 ||| Stepping ~*~*~tactically~*~*~ (cloud).
  2675 | D:3      | 2675 ||| STAIRDANCE
  2753 | D:3      | 2753 ||| STAIRDANCE
  2758 | D:3      | 2758 ||| STAIRDANCE
  2761 | D:2      | 2761 ||| INVOKING Berserk.
  2909 | D:2      | 2909 ||| SWAPPING to +0 war axe.
  2910 | D:2      | 2910 ||| DROPPING +0 hand axe.
  2911 | D:2      | 2911 ||| UPGRADING to +0 leather armour.
  2921 | D:2      | 2921 ||| DROPPING +0 animal skin.
  2925 | D:3      | 2925 ||| STAIRDANCE
  2930 | D:3      | 2930 ||| STAIRDANCE
  2958 | D:3      | 2958 ||| INVOKING Berserk.
  2981 | D:3      | 2981 ||| STAIRDANCE
  3118 | D:3      | Found Tof Pocs's Assorted Antiques.
  3128 | D:3      | 3128 ||| SHOPLISTING chain mail (126 gold, have 69).
  3128 | D:3      | 3128 ||| SHOPLISTING potion of curing (84 gold, have 69).
  3128 | D:3      | 3128 ||| BUYING scroll labelled FEGEOSK WOMOSA (28 gold).
  3128 | D:3      | Bought a scroll labelled FEGEOSK WOMOSA for 28 gold pieces
  3128 | D:3      | 3128 ||| BUYING scroll labelled GALUYM SOLU (28 gold).
  3128 | D:3      | Bought a scroll labelled GALUYM SOLU for 28 gold pieces
  3128 | D:3      | 3128 ||| SHOPLISTING scroll labelled GALUYM SOLU (28 gold,
                  | have 13).
  3262 | D:3      | 3262 ||| Stepping ~*~*~tactically~*~*~ (stealth).
  3264 | D:3      | 3264 ||| Stepping ~*~*~tactically~*~*~ (stealth).
  3267 | D:3      | 3267 ||| Stepping ~*~*~tactically~*~*~ (stealth).
  3269 | D:3      | Noticed Robin
  3270 | D:3      | 3270 ||| Stepping ~*~*~tactically~*~*~ (stealth).
  3278 | D:3      | 3278 ||| INVOKING Berserk.
  3280 | D:3      | Reached XP level 5. HP: 45/45 MP: 4/4
  3280 | D:3      | Killed Robin
  3351 | D:3      | 3351 ||| Stepping ~*~*~tactically~*~*~ (stealth).
  3357 | D:3      | 3357 ||| FLEEEEING.
  3358 | D:3      | 3358 ||| FLEEEEING.
  3359 | D:3      | 3359 ||| FLEEEEING.
  3360 | D:3      | 3360 ||| FLEEEEING.
  3361 | D:3      | 3361 ||| FLEEEEING.
  3364 | D:3      | 3364 ||| FLEEEEING.
  3366 | D:3      | 3366 ||| FLEEEEING.
  3369 | D:3      | 3369 ||| FLEEEEING.
  3370 | D:3      | 3370 ||| FLEEEEING.
  3371 | D:3      | 3371 ||| FLEEEEING.
  3372 | D:3      | 3372 ||| FLEEEEING.
  3373 | D:3      | 3373 ||| FLEEEEING.
  3374 | D:3      | 3374 ||| FLEEEEING.
  3377 | D:3      | 3377 ||| FLEEEEING.
  3378 | D:3      | 3378 ||| FLEEEEING.
  3379 | D:3      | 3379 ||| FLEEEEING.
  3380 | D:3      | 3380 ||| FLEEEEING.
  3381 | D:3      | 3381 ||| FLEEEEING.
  3384 | D:3      | 3384 ||| FLEEEEING.
  3385 | D:3      | 3385 ||| FLEEEEING.
  3386 | D:3      | 3386 ||| FLEEEEING.
  3387 | D:3      | 3387 ||| FLEEEEING.
  3388 | D:3      | 3388 ||| FLEEEEING.
  3389 | D:3      | 3389 ||| FLEEEEING.
  3390 | D:3      | 3390 ||| FLEEEEING.
  3391 | D:3      | 3391 ||| FLEEEEING.
  3392 | D:3      | 3392 ||| FLEEEEING.
  3393 | D:3      | 3393 ||| FLEEEEING.
  3394 | D:3      | 3394 ||| FLEEEEING.
  3395 | D:3      | 3395 ||| FLEEEEING.
  3396 | D:3      | 3396 ||| FLEEEEING.
  3397 | D:3      | 3397 ||| FLEEEEING.
  3398 | D:3      | 3398 ||| STAIRDANCE
  3514 | D:2      | 3514 ||| UPGRADING to +0 ring mail.
  3524 | D:2      | 3524 ||| DROPPING +0 leather armour.
  3525 | D:2      | 3525 ||| DROPPING amulet of magic regeneration.
  3526 | D:2      | 3526 ||| READING 2 scrolls labelled FEGEOSK WOMOSA.
  3527 | D:2      | 3527 ||| READING scroll labelled GALUYM SOLU.
  3593 | D:3      | Reached skill level 4 in Fighting
  3596 | D:3      | Found a basalt altar of Yredelemnul.
  3645 | D:3      | Found a faded altar of an unknown god.
  3716 | D:3      | 3716 ||| Stepping ~*~*~tactically~*~*~ (stealth).
  3729 | D:3      | 3729 ||| Stepping ~*~*~tactically~*~*~ (stealth).
  3748 | D:3      | 3748 ||| Stepping ~*~*~tactically~*~*~ (stealth).
  3750 | D:3      | 3750 ||| Stepping ~*~*~tactically~*~*~ (stealth).
  3760 | D:3      | 3760 ||| Stepping ~*~*~tactically~*~*~ (stealth).
  3761 | D:3      | 3761 ||| Stepping ~*~*~tactically~*~*~ (stealth).
  3762 | D:3      | 3762 ||| Stepping ~*~*~tactically~*~*~ (stealth).
  3990 | D:3      | Noticed Grinder
  3991 | D:3      | 3991 ||| INVOKING Trog's Hand.
  3994 | D:3      | 3994 ||| INVOKING Berserk.
  3999 | D:3      | Killed Grinder
  4000 | D:3      | Reached XP level 6. HP: 53/53 MP: 5/5
  4120 | D:3      | Noticed Sigmund
  4121 | D:3      | 4121 ||| INVOKING Berserk.
  4124 | D:3      | Killed Sigmund
  4125 | D:3      | Reached skill level 9 in Axes
  4125 | D:3      | Reached XP level 7. HP: 60/60 MP: 6/6
  4250 | D:3      | 4250 ||| READING scroll of enchant armour.
  4250 | D:3      | 4250 ||| ENCHANTING +0 pair of boots.
  4346 | D:3      | 4346 ||| UPGRADING to +0 chain mail.
  4356 | D:3      | 4356 ||| DROPPING +0 ring mail.
  4357 | D:3      | 4357 ||| READING scroll labelled ZAPHOC ZIES.
  4358 | D:3      | 4358 ||| READING scroll labelled ZUEJEEJEOLE.
  4381 | D:4      | 4381 ||| STAIRDANCE
  4457 | D:4      | 4457 ||| READING scroll of enchant armour.
  4457 | D:4      | 4457 ||| ENCHANTING +1 pair of boots.
  4477 | D:4      | 4477 ||| DROPPING +0 whip.
  4500 | D:4      | 4500 ||| READING scroll of enchant armour.
  4500 | D:4      | 4500 ||| ENCHANTING +0 cloak.
  4508 | D:4      | Noticed Eustachio
  4513 | D:4      | 4513 ||| INVOKING Berserk.
  4516 | D:4      | Killed Eustachio
  4574 | D:4      | 4574 ||| Stepping ~*~*~tactically~*~*~ (stealth).
  4618 | D:4      | Identified the +0 leather armour of Nennoiru {Harm}
  4619 | D:4      | Found Attir's General Store.
  4715 | D:4      | Found a staircase to the Ecumenical Temple.
  4826 | D:4      | 4826 ||| Stepping ~*~*~tactically~*~*~ (hiding).
  4827 | D:4      | 4827 ||| Stepping ~*~*~tactically~*~*~ (hiding).
  4844 | D:4      | 4844 ||| FLEEEEING.
  4922 | D:4      | 4922 ||| Stepping ~*~*~tactically~*~*~ (stealth).
  4924 | D:4      | 4924 ||| Stepping ~*~*~tactically~*~*~ (hiding).
  4939 | D:4      | Reached *** piety under Trog
  4941 | D:4      | 4941 ||| INVOKING Berserk.
  4945 | D:4      | Reached skill level 5 in Fighting
  5011 | D:4      | Found a burning altar of Makhleb.
  5016 | D:4      | Found a snail-covered altar of Cheibriados.
  5016 | D:4      | Found a stormy altar of Qazlal.
  5027 | D:4      | Found a glowing golden altar of the Shining One.
  5030 | D:4      | Found a blossoming altar of Fedhas.
  5072 | D:4      | 5072 ||| UPGRADING to +0 kite shield.
  5079 | D:4      | Reached skill level 1 in Shields
  5109 | D:4      | 5109 ||| READING scroll labelled HIUSUF SEEBIE.
  5110 | D:4      | 5110 ||| READING scroll labelled JIXZOL GIMASY.
  5111 | D:4      | 5111 ||| READING 2 scrolls of identify.
  5111 | D:4      | 5111 ||| IDENTIFYING pink potion
  5126 | D:5      | Entered Level 5 of the Dungeon
  5346 | D:5      | Reached skill level 3 in Shields
  5346 | D:5      | Reached XP level 8. HP: 68/68 MP: 7/7
  5361 | D:5      | 5361 ||| Stepping ~*~*~tactically~*~*~ (stealth).
  5487 | D:5      | Found an ornate altar of the Wu Jian Council.
  5650 | D:5      | 5650 ||| Stepping ~*~*~tactically~*~*~ (stealth).
  5651 | D:5      | 5651 ||| Stepping ~*~*~tactically~*~*~ (hiding).
  5657 | D:5      | 5657 ||| INVOKING Berserk.
  5806 | D:5      | 5806 ||| Stepping ~*~*~tactically~*~*~ (stealth).
  6055 | D:5      | 6055 ||| READING scroll labelled IRYESAIDWU.
  6056 | D:5      | 6056 ||| DRINKING 2 smoky emerald potions.
  6157 | D:5      | 6157 ||| READING 4 scrolls of identify.
  6157 | D:5      | 6157 ||| IDENTIFYING sapphire potion
  6158 | D:5      | 6158 ||| READING 3 scrolls of identify.
  6158 | D:5      | 6158 ||| IDENTIFYING cyan potion
  6159 | D:5      | 6159 ||| READING 2 scrolls of identify.
  6159 | D:5      | 6159 ||| IDENTIFYING red potion
  6160 | D:5      | 6160 ||| DROPPING potion of degeneration.
  6161 | D:5      | 6161 ||| DROPPING potion of lignification.
  6162 | D:5      | 6162 ||| DROPPING potion of ambrosia.
  6186 | D:4      | 6186 ||| BUYING potion of curing (30 gold).
  6186 | D:4      | Bought a potion of curing for 30 gold pieces
  6186 | D:4      | 6186 ||| BUYING scroll of teleportation (30 gold).
  6186 | D:4      | Bought a scroll of teleportation for 30 gold pieces
  6186 | D:4      | 6186 ||| SHOPLISTING scroll of teleportation (30 gold, have
                  | 25).
  6262 | D:6      | 6262 ||| INVOKING Berserk.
  6267 | D:6      | Reached skill level 6 in Shields
  6533 | D:6      | Found a stormy altar of Qazlal.
  6564 | D:6      | Found Xoniud's Antique Armour Shop.
  6571 | D:6      | 6571 ||| SHOPLISTING +3 crown of Dyrovepreva {rElec Int+2
                  | SInv} (1283 gold, have 54).
  6571 | D:6      | 6571 ||| SHOPLISTING glowing chain mail (232 gold, have
                  | 54).
  6577 | D:6      | 6577 ||| INVOKING Berserk.
  6581 | D:6      | Reached skill level 6 in Fighting
  6954 | D:6      | Reached XP level 9. HP: 70/75 MP: 8/8
  6980 | D:6      | Found an ancient bone altar of Kikubaaqudgha.
  6993 | D:6      | Identified the +4 war axe of Due Proportion {venom, Dex+3}
  6995 | D:6      | 6995 ||| SWAPPING to +4 war axe of Due Proportion {venom,
                  | Dex+3}.
  6996 | D:6      | 6996 ||| DROPPING +1 war axe.
  7141 | D:6      | 7141 ||| READING 3 scrolls of identify.
  7141 | D:6      | 7141 ||| IDENTIFYING fizzy purple potion
  7142 | D:6      | 7142 ||| READING 2 scrolls of identify.
  7142 | D:6      | 7142 ||| IDENTIFYING smoky green potion
  7143 | D:6      | 7143 ||| DROPPING potion of berserk rage.
  7167 | D:7      | Found Kilore's Evil Emporium.
  7183 | D:7      | 7183 ||| SHOPLISTING +0 flail of draining (116 gold, have
                  | 104).
  7197 | D:7      | Found a radiant altar of Vehumet.
  7309 | D:7      | Noticed Joseph
  7322 | D:7      | Killed Joseph
  7506 | D:7      | 7506 ||| INVOKING Berserk.
  7668 | D:7      | 7668 ||| READING scroll of enchant armour.
  7668 | D:7      | 7668 ||| ENCHANTING +1 cloak.
  7702 | D:7      | Reached skill level 12 in Axes
  7798 | D:7      | 7798 ||| FLEEEEING.
  7799 | D:7      | 7799 ||| FLEEEEING.
  7799 | D:7      | Noticed Maggie
  7811 | D:7      | Killed Maggie
  7812 | D:7      | Reached skill level 7 in Fighting
  7905 | D:7      | 7905 ||| Stepping ~*~*~tactically~*~*~ (stealth).
  7907 | D:7      | 7907 ||| Stepping ~*~*~tactically~*~*~ (stealth).
  7909 | D:7      | 7909 ||| Stepping ~*~*~tactically~*~*~ (hiding).
  7916 | D:7      | 7916 ||| INVOKING Berserk.
  8119 | D:7      | 8119 ||| UPGRADING to +0 plate armour.
  8129 | D:7      | 8129 ||| DROPPING +0 chain mail.
  8130 | D:7      | 8130 ||| READING scroll labelled SOUGRI FEYHOO.
  8131 | D:7      | 8131 ||| READING scroll labelled DEAPIL OTIPRU.
  8232 | D:7      | 8232 ||| DRINKING 4 puce potions.
  8232 | D:7      | Gained mutation: Your mind is acute. (Int +4, Str/Dex -1)
                  | [potion of mutation]
  8232 | D:7      | Gained mutation: Your body sometimes deteriorates upon
                  | taking damage. [potion of mutation]
  8240 | D:8      | Noticed a manticore
  8244 | D:8      | 8244 ||| INVOKING Berserk.
  8250 | D:8      | Killed a manticore
  8251 | D:8      | Reached skill level 6 in Armour
  8352 | D:8      | 8352 ||| Stepping ~*~*~tactically~*~*~ (stealth).
  8353 | D:8      | 8353 ||| Stepping ~*~*~tactically~*~*~ (stealth).
  8373 | D:8      | Noticed Erica
  8374 | D:8      | 8374 ||| Stepping ~*~*~tactically~*~*~ (stealth).
  8386 | D:8      | 8386 ||| INVOKING Berserk.
  8395 | D:8      | Killed Erica
  8396 | D:8      | Reached skill level 9 in Shields
  8396 | D:8      | Reached XP level 10. HP: 88/88 MP: 9/9
  8583 | D:8      | 8583 ||| Stepping ~*~*~tactically~*~*~ (hiding).
  8584 | D:8      | 8584 ||| Stepping ~*~*~tactically~*~*~ (hiding).
  8585 | D:8      | 8585 ||| Stepping ~*~*~tactically~*~*~ (stealth).
  8604 | D:8      | Reached **** piety under Trog
  8637 | D:8      | 8637 ||| DROPPING +0 flail.
  8651 | D:8      | 8651 ||| DROPPING +2 mace of draining.
  8679 | D:8      | Identified the ring "Duizoudy" {Wiz rElec rF- rC++ Stlth+}
  8684 | D:8      | 8684 ||| DRINKING 7 potions of curing.
  8684 | D:8      | 8684 ||| (to cure confusion)
  8689 | D:8      | Reached skill level 1 in Throwing
  8924 | D:8      | 8924 ||| Stepping ~*~*~tactically~*~*~ (stealth).
  8926 | D:8      | 8926 ||| Stepping ~*~*~tactically~*~*~ (hiding).
  8929 | D:8      | 8929 ||| Stepping ~*~*~tactically~*~*~ (stealth).
  8934 | D:8      | 8934 ||| DRINKING 6 potions of curing.
  8934 | D:8      | 8934 ||| (to cure confusion)
  8935 | D:8      | 8935 ||| DRINKING 5 potions of curing.
  8935 | D:8      | 8935 ||| (to cure confusion)
  8990 | D:8      | Noticed a two-headed ogre
  8994 | D:8      | 8994 ||| INVOKING Berserk.
  8997 | D:8      | Killed a two-headed ogre
  9327 | D:8      | 9327 ||| UPGRADING to ring "Duizoudy" {Wiz rElec rF- rC++
                  | Stlth+}.
  9328 | D:8      | 9328 ||| READING 4 scrolls of identify.
  9328 | D:8      | 9328 ||| IDENTIFYING clear potion
  9329 | D:8      | 9329 ||| DROPPING potion of flight.
  9350 | D:9      | 9350 ||| INVOKING Berserk.
  9353 | D:9      | Noticed a two-headed ogre
  9359 | D:9      | 9359 ||| FLEEEEING.
  9360 | D:9      | 9360 ||| FLEEEEING.
  9363 | D:9      | Killed a two-headed ogre
  9365 | D:9      | 9365 ||| STAIRDANCE
  9538 | D:9      | 9538 ||| Stepping ~*~*~tactically~*~*~ (stealth).
  9540 | D:9      | 9540 ||| Stepping ~*~*~tactically~*~*~ (hiding).
  9548 | D:9      | Reached skill level 8 in Fighting
  9548 | D:9      | 9548 ||| INVOKING Berserk.
  9556 | D:9      | Reached skill level 3 in Dodging
  9653 | D:9      | Found a sparkling altar of Nemelex Xobeh.
  9678 | D:9      | 9678 ||| Stepping ~*~*~tactically~*~*~ (stealth).
  9680 | D:9      | 9680 ||| Stepping ~*~*~tactically~*~*~ (hiding).
  9681 | D:9      | 9681 ||| Stepping ~*~*~tactically~*~*~ (hiding).
  9691 | D:9      | 9691 ||| Stepping ~*~*~tactically~*~*~ (hiding).
  9694 | D:9      | 9694 ||| Stepping ~*~*~tactically~*~*~ (stealth).
  9699 | D:9      | 9699 ||| INVOKING Berserk.
  9708 | D:9      | HP: 21/88 [poisoned by a gnoll sergeant]
  9713 | D:9      | HP: 15/88 [poisoned by a gnoll sergeant]
  9877 | D:9      | 9877 ||| FLEEEEING.
 10019 | D:9      | 10019 ||| Stepping ~*~*~tactically~*~*~ (stealth).
 10027 | D:9      | 10027 ||| Stepping ~*~*~tactically~*~*~ (hiding).
 10028 | D:9      | 10028 ||| Stepping ~*~*~tactically~*~*~ (hiding).
 10029 | D:9      | 10029 ||| Stepping ~*~*~tactically~*~*~ (hiding).
 10030 | D:9      | 10030 ||| Stepping ~*~*~tactically~*~*~ (hiding).
 10031 | D:9      | 10031 ||| Stepping ~*~*~tactically~*~*~ (hiding).
 10082 | D:9      | 10082 ||| Stepping ~*~*~tactically~*~*~ (stealth).
 10083 | D:9      | 10083 ||| Stepping ~*~*~tactically~*~*~ (stealth).
 10087 | D:9      | 10087 ||| Stepping ~*~*~tactically~*~*~ (stealth).
 10089 | D:9      | 10089 ||| Stepping ~*~*~tactically~*~*~ (hiding).
 10093 | D:9      | 10093 ||| INVOKING Berserk.
 10241 | D:9      | 10241 ||| Stepping ~*~*~tactically~*~*~ (hiding).
 10244 | D:9      | 10244 ||| Stepping ~*~*~tactically~*~*~ (stealth).
 10245 | D:9      | 10245 ||| Stepping ~*~*~tactically~*~*~ (hiding).
 10362 | D:9      | 10362 ||| INVOKING Berserk.
 10655 | D:9      | 10655 ||| READING scroll of enchant armour.
 10655 | D:9      | 10655 ||| ENCHANTING +0 plate armour.
 10737 | D:9      | 10737 ||| READING scroll labelled HOROTACKEATZ.
 10934 | D:10     | Entered Level 10 of the Dungeon
 10961 | D:10     | 10961 ||| Stepping ~*~*~tactically~*~*~ (hiding).
 10994 | D:10     | 10994 ||| Stepping ~*~*~tactically~*~*~ (stealth).
 11004 | D:10     | Reached ***** piety under Trog
 11005 | D:10     | Reached XP level 11. HP: 88/94 MP: 10/10
 11018 | D:10     | 11018 ||| Stepping ~*~*~tactically~*~*~ (stealth).
 11242 | D:10     | Identified the +3 chain mail "Yqeab" {Str+4}
 11248 | D:10     | Noticed a two-headed ogre
 11252 | D:10     | 11252 ||| INVOKING Berserk.
 11258 | D:10     | Killed a two-headed ogre
 11793 | D:10     | Found a bloodstained altar of Trog.
 11798 | D:10     | 11798 ||| INVOKING Berserk.
 11925 | D:10     | Reached skill level 15 in Axes
 11985 | D:10     | 11985 ||| UPGRADING to +3 chain mail "Yqeab" {Str+4}.
 11995 | D:10     | 11995 ||| DROPPING +1 plate armour.
 12049 | D:11     | 12049 ||| Stepping ~*~*~tactically~*~*~ (stealth).
 12052 | D:11     | 12052 ||| FLEEEEING.
 12055 | D:11     | 12055 ||| FLEEEEING.
 12056 | D:11     | 12056 ||| FLEEEEING.
 12057 | D:11     | 12057 ||| FLEEEEING.
 12061 | D:11     | 12061 ||| STAIRDANCE
 12154 | D:11     | 12154 ||| INVOKING Berserk.
 12292 | D:11     | Noticed a death yak
 12294 | D:11     | 12294 ||| INVOKING Berserk.
 12294 | D:11     | Noticed a death yak
 12298 | D:11     | Noticed a death yak
 12303 | D:11     | Reached skill level 9 in Fighting
 12306 | D:11     | Killed a death yak
 12312 | D:11     | Killed a death yak
 12316 | D:11     | Killed a death yak
 12326 | D:11     | Noticed a wizard
 12327 | D:11     | 12327 ||| INVOKING Trog's Hand.
 12335 | D:11     | 12335 ||| INVOKING Brothers in Arms.
 12341 | D:11     | Killed a wizard
 12396 | D:11     | Found a staircase to the Lair.
 12437 | D:11     | 12437 ||| FLEEEEING.
 12438 | D:11     | 12438 ||| FLEEEEING.
 12451 | D:11     | 12451 ||| FLEEEEING.
 12455 | D:11     | 12455 ||| FLEEEEING.
 12456 | D:11     | 12456 ||| FLEEEEING.
 12457 | D:11     | 12457 ||| FLEEEEING.
 12458 | D:11     | 12458 ||| FLEEEEING.
 12459 | D:11     | 12459 ||| FLEEEEING.
 12460 | D:11     | 12460 ||| FLEEEEING.
 12477 | D:11     | 12477 ||| FLEEEEING.
 12479 | D:11     | 12479 ||| FLEEEEING.
 12483 | D:11     | 12483 ||| STAIRDANCE
 12562 | D:10     | 12562 ||| UPGRADING to +0 pair of gloves.
 12571 | D:11     | 12571 ||| INVOKING Berserk.
 12579 | D:11     | 12579 ||| STAIRDANCE
 12730 | D:11     | Noticed a four-headed hydra
 12731 | D:11     | 12731 ||| INVOKING Brothers in Arms.
 12732 | D:11     | 12732 ||| INVOKING Brothers in Arms.
 12733 | D:11     | 12733 ||| INVOKING Brothers in Arms.
 12735 | D:11     | 12735 ||| SWAPPING to +1 vorpal flail.
 12736 | D:11     | 12736 ||| INVOKING Berserk.
 12737 | D:11     | Killed a four-headed hydra
 12742 | D:11     | 12742 ||| SWAPPING to +4 war axe of Due Proportion {venom,
                  | Dex+3}.
 12880 | D:11     | 12880 ||| Stepping ~*~*~tactically~*~*~ (stealth).
 12894 | D:11     | 12894 ||| INVOKING Berserk.
 13359 | D:11     | Reached skill level 10 in Fighting
 13441 | D:11     | 13441 ||| PLANNING LAIR
 13441 | D:11     | 13441 ||| DROPPING amulet of faith.
 13442 | D:11     | 13442 ||| READING 7 scrolls of identify.
 13442 | D:11     | 13442 ||| IDENTIFYING smoky inky potion
 13467 | Lair:1   | Entered Level 1 of the Lair of Beasts
 13502 | Lair:1   | 13502 ||| DRINKING potion of cancellation.
 13512 | Lair:1   | 13512 ||| Stepping ~*~*~tactically~*~*~ (stealth).
 13533 | Lair:1   | 13533 ||| Stepping ~*~*~tactically~*~*~ (stealth).
 13562 | Lair:1   | 13562 ||| INVOKING Berserk.
 13642 | Lair:1   | 13642 ||| Stepping ~*~*~tactically~*~*~ (stealth).
 13643 | Lair:1   | 13643 ||| Stepping ~*~*~tactically~*~*~ (stealth).
 13664 | Lair:1   | 13664 ||| INVOKING Berserk.
 13911 | Lair:1   | 13911 ||| INVOKING Berserk.
 13914 | Lair:1   | Reached XP level 12. HP: 106/106 MP: 11/11
 14045 | Lair:1   | 14045 ||| Stepping ~*~*~tactically~*~*~ (hiding).
 14047 | Lair:1   | 14047 ||| Stepping ~*~*~tactically~*~*~ (hiding).
 14048 | Lair:1   | 14048 ||| Stepping ~*~*~tactically~*~*~ (hiding).
 14071 | Lair:1   | 14071 ||| INVOKING Berserk.
 14222 | Lair:1   | 14222 ||| INVOKING Berserk.
 14274 | Lair:1   | Identified the +5 ring mail of Burning the Good {-Cast
                  | Dex+5}
 14277 | Lair:1   | Noticed Urug
 14279 | Lair:1   | 14279 ||| Stepping ~*~*~tactically~*~*~ (stealth).
 14280 | Lair:1   | 14280 ||| Stepping ~*~*~tactically~*~*~ (stealth).
 14282 | Lair:1   | 14282 ||| INVOKING Berserk.
 14293 | Lair:1   | Killed Urug
 14775 | Lair:2   | 14775 ||| STAIRDANCE
 14781 | Lair:1   | Reached skill level 3 in Throwing
 14783 | Lair:2   | 14783 ||| INVOKING Berserk.
 14790 | Lair:2   | 14790 ||| STAIRDANCE
 14988 | Lair:2   | Reached skill level 11 in Fighting
 15049 | Lair:2   | 15049 ||| INVOKING Berserk.
 15200 | Lair:2   | Found a staircase to the Snake Pit.
 15201 | Lair:2   | 15201 ||| Stepping ~*~*~tactically~*~*~ (hiding).
 15213 | Lair:2   | 15213 ||| Stepping ~*~*~tactically~*~*~ (hiding).
 15292 | Lair:2   | Noticed Amaemon
 15292 | Lair:2   | 15292 ||| Stepping ~*~*~tactically~*~*~ (hiding).
 15296 | Lair:2   | 15296 ||| INVOKING Berserk.
 15304 | Lair:2   | 15304 ||| DRINKING 4 potions of curing.
 15304 | Lair:2   | 15304 ||| (to cure confusion)
 15315 | Lair:2   | HP: 25/110 [Amaemon/-2 demon whip of venom (6)]
 15316 | Lair:2   | 15316 ||| READING 7 scrolls of teleportation.
 15316 | Lair:2   | HP: 12/110 [poisoned by Amaemon]
 15317 | Lair:2   | 15317 ||| DRINKING 2 potions of heal wounds.
 15321 | Lair:2   | HP: 10/110 [poisoned by Amaemon]
 15406 | Lair:2   | 15406 ||| INVOKING Berserk.
 15408 | Lair:2   | Killed Amaemon
 15409 | Lair:2   | Reached skill level 9 in Armour
 15688 | Lair:2   | 15688 ||| DROPPING +1 vorpal flail.
 15692 | Lair:2   | Identified the +1 war axe of Valour {flame, rElec Str+4}
 15696 | Lair:2   | 15696 ||| INVOKING Berserk.
 15805 | Lair:2   | 15805 ||| DROPPING -2 demon whip of venom.
 15843 | Lair:2   | 15843 ||| Stepping ~*~*~tactically~*~*~ (hiding).
 15861 | Lair:2   | 15861 ||| INVOKING Berserk.
 16274 | Lair:2   | Noticed a six-headed hydra
 16277 | Lair:2   | 16277 ||| SWAPPING to +1 war axe of Valour {flame, rElec
                  | Str+4}.
 16278 | Lair:2   | 16278 ||| INVOKING Berserk.
 16281 | Lair:2   | Killed a four-headed hydra
 16282 | Lair:2   | Reached skill level 12 in Shields
 16286 | Lair:2   | 16286 ||| SWAPPING to +4 war axe of Due Proportion {venom,
                  | Dex+3}.
 16389 | Lair:2   | 16389 ||| READING scroll of enchant armour.
 16389 | Lair:2   | 16389 ||| ENCHANTING +0 pair of gloves.
 16636 | Lair:3   | 16636 ||| INVOKING Berserk.
 16763 | Lair:3   | Noticed a catoblepas
 16765 | Lair:3   | 16765 ||| Stepping ~*~*~tactically~*~*~ (hiding).
 16769 | Lair:3   | 16769 ||| INVOKING Berserk.
 16790 | Lair:3   | 16790 ||| Stepping ~*~*~tactically~*~*~ (cloud).
 16791 | Lair:3   | Killed a catoblepas
 16798 | Lair:3   | Reached skill level 12 in Fighting
 17102 | Lair:3   | Found a staircase to the Swamp.
 17192 | Lair:3   | Noticed a five-headed hydra
 17194 | Lair:3   | 17194 ||| SWAPPING to +1 war axe of Valour {flame, rElec
                  | Str+4}.
 17196 | Lair:3   | 17196 ||| INVOKING Berserk.
 17200 | Lair:3   | Killed a one-headed hydra
 17205 | Lair:3   | 17205 ||| SWAPPING to +4 war axe of Due Proportion {venom,
                  | Dex+3}.
 17524 | Lair:3   | Found a stormy altar of Qazlal.
 17655 | Lair:4   | Noticed a boulder beetle
 17660 | Lair:4   | 17660 ||| INVOKING Berserk.
 17665 | Lair:4   | Killed a boulder beetle
 17929 | Lair:4   | Found a dark tunnel.
 18056 | Lair:4   | Reached skill level 6 in Dodging
 18101 | Lair:4   | Reached XP level 13. HP: 118/118 MP: 12/12
 18117 | Lair:4   | 18117 ||| Stepping ~*~*~tactically~*~*~ (stealth).
 18118 | Lair:4   | 18118 ||| Stepping ~*~*~tactically~*~*~ (stealth).
 18127 | Lair:4   | 18127 ||| INVOKING Berserk.
 18303 | Lair:4   | 18303 ||| INVOKING Berserk.
 18535 | Lair:4   | Found a runed translucent door.
 18537 | Lair:4   | Noticed an acid blob
 18540 | Lair:4   | Found a staircase to the Slime Pits.
 18540 | Lair:4   | Noticed an acid blob
 18540 | Lair:4   | Noticed an acid blob
 18648 | Lair:4   | 18648 ||| Stepping ~*~*~tactically~*~*~ (cloud).
 18652 | Lair:4   | 18652 ||| INVOKING Berserk.
 18959 | Lair:5   | Entered Level 5 of the Lair of Beasts
 18972 | Lair:5   | 18972 ||| INVOKING Berserk.
 19164 | Lair:5   | 19164 ||| Stepping ~*~*~tactically~*~*~ (water).
 19167 | Lair:5   | Reached skill level 13 in Fighting
 19233 | Lair:5   | 19233 ||| Stepping ~*~*~tactically~*~*~ (stealth).
 19234 | Lair:5   | 19234 ||| Stepping ~*~*~tactically~*~*~ (stealth).
 19510 | Lair:5   | 19510 ||| INVOKING Berserk.
 19513 | Lair:5   | Reached skill level 6 in Throwing
 19656 | Lair:5   | 19656 ||| Stepping ~*~*~tactically~*~*~ (stealth).
 19675 | Lair:5   | 19675 ||| INVOKING Berserk.
 19712 | Lair:5   | 19712 ||| Stepping ~*~*~tactically~*~*~ (stealth).
 20001 | Lair:5   | 20001 ||| Stepping ~*~*~tactically~*~*~ (hiding).
 20004 | Lair:5   | 20004 ||| INVOKING Berserk.
 20067 | Lair:5   | 20067 ||| Stepping ~*~*~tactically~*~*~ (stealth).
 20306 | Lair:5   | 20306 ||| Stepping ~*~*~tactically~*~*~ (stealth).
 20523 | Lair:5   | 20523 ||| FLEEEEING.
 20524 | Lair:5   | 20524 ||| FLEEEEING.
 20525 | Lair:5   | 20525 ||| FLEEEEING.
 20526 | Lair:5   | 20526 ||| INVOKING Brothers in Arms.
 20527 | Lair:5   | 20527 ||| INVOKING Brothers in Arms.
 20528 | Lair:5   | 20528 ||| SWAPPING to +1 war axe of Valour {flame, rElec
                  | Str+4}.
 20529 | Lair:5   | 20529 ||| INVOKING Berserk.
 20535 | Lair:5   | Reached skill level 14 in Fighting
 20539 | Lair:5   | 20539 ||| SWAPPING to +4 war axe of Due Proportion {venom,
                  | Dex+3}.
 20560 | Lair:5   | 20560 ||| INVOKING Brothers in Arms.
 20563 | Lair:5   | 20563 ||| SWAPPING to +1 war axe of Valour {flame, rElec
                  | Str+4}.
 20567 | Lair:5   | 20567 ||| SWAPPING to +4 war axe of Due Proportion {venom,
                  | Dex+3}.
 20755 | Lair:5   | 20755 ||| READING scroll of enchant armour.
 20755 | Lair:5   | 20755 ||| ENCHANTING +1 pair of gloves.
 21397 | Lair:5   | 21397 ||| PLANNING D
 21397 | Lair:5   | 21397 ||| READING 2 scrolls labelled FIUSUU YMIOKAG.
 21398 | Lair:5   | 21398 ||| DROPPING scroll of summoning.
 21528 | D:12     | Reached XP level 14. HP: 129/132 MP: 13/13
 21533 | D:12     | 21533 ||| INVOKING Berserk.
 21716 | D:12     | 21716 ||| FLEEEEING.
 21717 | D:12     | 21717 ||| FLEEEEING.
 21718 | D:12     | 21718 ||| FLEEEEING.
 21719 | D:12     | 21719 ||| FLEEEEING.
 21720 | D:12     | 21720 ||| FLEEEEING.
 21831 | D:12     | 21831 ||| Invisible monster not found???
 21843 | D:12     | 21843 ||| Stepping ~*~*~tactically~*~*~ (stealth).
 21904 | D:12     | Reached skill level 12 in Armour
 21975 | D:12     | 21975 ||| Stepping randomly (disturbance).
 22029 | D:12     | 22029 ||| INVOKING Berserk.
 22432 | D:12     | 22432 ||| Stepping ~*~*~tactically~*~*~ (hiding).
 22433 | D:12     | 22433 ||| Stepping ~*~*~tactically~*~*~ (hiding).
 22434 | D:12     | 22434 ||| Stepping ~*~*~tactically~*~*~ (hiding).
 22517 | D:12     | 22517 ||| INVOKING Berserk.
 22788 | D:12     | Found a runed translucent gate.
 22788 | D:12     | Found a runed translucent gate.
 22788 | D:12     | Found a runed translucent gate.
 22803 | D:12     | Reached skill level 15 in Fighting
 22803 | D:12     | 22803 ||| INVOKING Berserk.
 22884 | D:12     | Noticed a storm dragon
 22930 | D:12     | Noticed a fire giant
 22939 | D:12     | 22939 ||| INVOKING Brothers in Arms.
 22940 | D:12     | 22940 ||| INVOKING Brothers in Arms.
 22945 | D:12     | 22945 ||| INVOKING Berserk.
 23060 | D:12     | 23060 ||| Stepping ~*~*~tactically~*~*~ (hiding).
 23062 | D:12     | 23062 ||| Stepping ~*~*~tactically~*~*~ (hiding).
 23063 | D:12     | 23063 ||| INVOKING Berserk.
 23211 | D:12     | Found a runed translucent gate.
 23211 | D:12     | Found a runed translucent gate.
 23211 | D:12     | Found a runed translucent gate.
 23355 | D:12     | 23355 ||| Stepping ~*~*~tactically~*~*~ (hiding).
 23408 | D:12     | Found a staircase to the Orcish Mines.
 23612 | D:13     | Noticed Nessos
 23612 | D:13     | Found a gate to the Vaults.
 23614 | D:13     | 23614 ||| INVOKING Berserk.
 23633 | D:13     | Killed Nessos
 23638 | D:13     | Reached skill level 15 in Shields
 23846 | D:13     | Found Vuody's Assorted Antiques.
 23854 | D:13     | 23854 ||| BUYING fine marble ring (180 gold).
 23854 | D:13     | Bought a fine marble ring for 180 gold pieces
 23854 | D:13     | Identified the ring "Tenimot" {Will+ Str+4 Int+4 Slay+2}
                  | (You bought it in a shop on level 13 of the Dungeon)
 23854 | D:13     | 23854 ||| BUYING potion of curing (108 gold).
 23854 | D:13     | Bought a potion of curing for 108 gold pieces
 23854 | D:13     | 23854 ||| BUYING potion of heal wounds (180 gold).
 23854 | D:13     | Bought a potion of heal wounds for 180 gold pieces
 23854 | D:13     | 23854 ||| BUYING scroll of identify (72 gold).
 23854 | D:13     | Bought a scroll of identify for 72 gold pieces
 23874 | D:13     | Found Sareug's General Store.
 23894 | D:13     | 23894 ||| Stepping randomly (disturbance).
 23941 | D:13     | 23941 ||| INVOKING Brothers in Arms.
 23943 | D:13     | 23943 ||| INVOKING Brothers in Arms.
 23944 | D:13     | 23944 ||| INVOKING Brothers in Arms.
 23945 | D:13     | 23945 ||| SWAPPING to +1 war axe of Valour {flame, rElec
                  | Str+4}.
 23946 | D:13     | 23946 ||| INVOKING Berserk.
 23966 | D:13     | 23966 ||| SWAPPING to +4 war axe of Due Proportion {venom,
                  | Dex+3}.
 24195 | D:13     | 24195 ||| Stepping ~*~*~tactically~*~*~ (stealth).
 24201 | D:13     | 24201 ||| Stepping ~*~*~tactically~*~*~ (stealth).
 24277 | D:13     | 24277 ||| Stepping ~*~*~tactically~*~*~ (stealth).
 24278 | D:13     | 24278 ||| Stepping ~*~*~tactically~*~*~ (stealth).
 24279 | D:13     | 24279 ||| INVOKING Berserk.
 24385 | D:13     | 24385 ||| Stepping ~*~*~tactically~*~*~ (stealth).
 24388 | D:13     | 24388 ||| Stepping ~*~*~tactically~*~*~ (cloud).
 24389 | D:13     | 24389 ||| INVOKING Berserk.
 24404 | D:13     | 24404 ||| Stepping ~*~*~tactically~*~*~ (cloud).
 24405 | D:13     | 24405 ||| Stepping ~*~*~tactically~*~*~ (cloud).
 24603 | D:13     | Noticed a vampire knight
 24608 | D:13     | 24608 ||| INVOKING Berserk.
 24649 | D:13     | Noticed Liimbo's ghost (journeyman FoWn)
 24690 | D:13     | Found a transporter.
 24696 | D:13     | Found a transporter.
 24740 | D:13     | Reached skill level 16 in Fighting
 24818 | D:13     | 24818 ||| Stepping ~*~*~tactically~*~*~ (stealth).
 24820 | D:13     | 24820 ||| Stepping ~*~*~tactically~*~*~ (stealth).
 24822 | D:13     | 24822 ||| Stepping ~*~*~tactically~*~*~ (hiding).
 24823 | D:13     | 24823 ||| Stepping ~*~*~tactically~*~*~ (hiding).
 24827 | D:13     | 24827 ||| INVOKING Berserk.
 24977 | D:13     | Found Gir Inul's Magic Scroll Boutique.
 24985 | D:13     | 24985 ||| FLEEEEING.
 24986 | D:13     | 24986 ||| FLEEEEING.
 24987 | D:13     | 24987 ||| FLEEEEING.
 24988 | D:13     | 24988 ||| Stepping ~*~*~tactically~*~*~ (hiding).
 24989 | D:13     | 24989 ||| Stepping ~*~*~tactically~*~*~ (hiding).
 25158 | D:13     | 25158 ||| BUYING scroll of enchant armour (127 gold).
 25158 | D:13     | Bought a scroll of enchant armour for 127 gold pieces
 25158 | D:13     | 25158 ||| BUYING scroll of teleportation (51 gold).
 25158 | D:13     | Bought a scroll of teleportation for 51 gold pieces
 25158 | D:13     | 25158 ||| BUYING scroll of teleportation (51 gold).
 25158 | D:13     | Bought a scroll of teleportation for 51 gold pieces
 25409 | D:13     | Found a portal to a secret trove of treasure.
 25416 | D:13     | 25416 ||| UPGRADING to +0 plate armour of poison
                  | resistance.
 25426 | D:13     | 25426 ||| READING scroll of enchant armour.
 25426 | D:13     | 25426 ||| ENCHANTING +0 plate armour of poison resistance.
 25427 | D:13     | 25427 ||| DROPPING ring of ice.
 25428 | D:13     | 25428 ||| UPGRADING to ring "Tenimot" {Will+ Str+4 Int+4
                  | Slay+2}.
 25430 | D:13     | 25430 ||| READING 11 scrolls of identify.
 25430 | D:13     | 25430 ||| IDENTIFYING orange potion
 25431 | D:13     | 25431 ||| DROPPING potion of magic.
 25518 | D:14     | 25518 ||| Stepping ~*~*~tactically~*~*~ (hiding).
 25536 | D:14     | 25536 ||| Stepping ~*~*~tactically~*~*~ (stealth).
 25543 | D:14     | 25543 ||| INVOKING Brothers in Arms.
 25544 | D:14     | 25544 ||| INVOKING Brothers in Arms.
 25545 | D:14     | 25545 ||| INVOKING Brothers in Arms.
 25546 | D:14     | 25546 ||| INVOKING Brothers in Arms.
 25548 | D:14     | 25548 ||| INVOKING Brothers in Arms.
 25549 | D:14     | 25549 ||| INVOKING Brothers in Arms.
 25550 | D:14     | 25550 ||| INVOKING Brothers in Arms.
 25551 | D:14     | 25551 ||| SWAPPING to +1 war axe of Valour {flame, rElec
                  | Str+4}.
 25552 | D:14     | 25552 ||| INVOKING Berserk.
 25628 | D:14     | 25628 ||| SWAPPING to +4 war axe of Due Proportion {venom,
                  | Dex+3}.
 25681 | D:14     | 25681 ||| Stepping ~*~*~tactically~*~*~ (hiding).
 25763 | D:14     | 25763 ||| INVOKING Berserk.
 25774 | D:14     | Reached XP level 15. HP: 144/144 MP: 14/14
 25789 | D:14     | 25789 ||| INVOKING Trog's Hand.
 25814 | D:14     | HP: 23/144 [mirror damage (16)]
 25815 | D:14     | 25815 ||| READING 10 scrolls of teleportation.
 25816 | D:14     | 25816 ||| DRINKING 4 potions of heal wounds.
 25919 | D:14     | 25919 ||| Invisible monster not found???
 26068 | D:14     | 26068 ||| Stepping ~*~*~tactically~*~*~ (stealth).
 26176 | D:14     | Found a sparkling altar of Nemelex Xobeh.
 26338 | D:14     | 26338 ||| FLEEEEING.
 26339 | D:14     | 26339 ||| FLEEEEING.
 26340 | D:14     | 26340 ||| FLEEEEING.
 26342 | D:14     | 26342 ||| FLEEEEING.
 26343 | D:14     | 26343 ||| FLEEEEING.
 26349 | D:14     | 26349 ||| STAIRDANCE
 26528 | D:14     | 26528 ||| Stepping ~*~*~tactically~*~*~ (stealth).
 26529 | D:14     | 26529 ||| Stepping ~*~*~tactically~*~*~ (hiding).
 26558 | D:14     | Reached skill level 15 in Armour
 26581 | D:14     | Noticed Agnes
 26583 | D:14     | 26583 ||| INVOKING Berserk.
 26588 | D:14     | Killed Agnes
 26773 | D:14     | 26773 ||| Stepping ~*~*~tactically~*~*~ (hiding).
 26787 | D:14     | 26787 ||| Stepping ~*~*~tactically~*~*~ (hiding).
 26789 | D:14     | 26789 ||| Stepping ~*~*~tactically~*~*~ (hiding).
 26802 | D:14     | 26802 ||| Stepping ~*~*~tactically~*~*~ (stealth).
 26803 | D:14     | 26803 ||| Stepping ~*~*~tactically~*~*~ (stealth).
 26808 | D:14     | 26808 ||| Stepping ~*~*~tactically~*~*~ (stealth).
 26810 | D:14     | Noticed Azrael
 26811 | D:14     | 26811 ||| Stepping ~*~*~tactically~*~*~ (hiding).
 26812 | D:14     | 26812 ||| Stepping ~*~*~tactically~*~*~ (hiding).
 26818 | D:14     | 26818 ||| INVOKING Berserk.
 26826 | D:14     | Killed Azrael
 27250 | D:14     | 27250 ||| Stepping ~*~*~tactically~*~*~ (hiding).
 27252 | D:14     | 27252 ||| Stepping ~*~*~tactically~*~*~ (hiding).
 27253 | D:14     | 27253 ||| Stepping ~*~*~tactically~*~*~ (hiding).
 27254 | D:14     | 27254 ||| Stepping ~*~*~tactically~*~*~ (hiding).
 27259 | D:14     | 27259 ||| Stepping ~*~*~tactically~*~*~ (hiding).
 27260 | D:14     | 27260 ||| Stepping ~*~*~tactically~*~*~ (hiding).
 27458 | D:14     | 27458 ||| Stepping ~*~*~tactically~*~*~ (hiding).
 27459 | D:14     | 27459 ||| INVOKING Trog's Hand.
 27735 | D:14     | 27735 ||| Stepping ~*~*~tactically~*~*~ (hiding).
 27966 | D:14     | 27966 ||| Stepping ~*~*~tactically~*~*~ (hiding).
 27981 | D:14     | 27981 ||| INVOKING Berserk.
 28462 | D:15     | Entered Level 15 of the Dungeon
 28463 | D:15     | 28463 ||| PLANNING GAUNTLET
 28511 | D:15     | 28511 ||| Stepping ~*~*~tactically~*~*~ (hiding).
 28590 | D:15     | 28590 ||| Stepping ~*~*~tactically~*~*~ (stealth).
 28591 | D:15     | 28591 ||| INVOKING Berserk.
 28598 | D:15     | Reached skill level 17 in Fighting
 28890 | D:15     | Found a white marble altar of Elyvilon.
 28890 | D:15     | Found a glowing silver altar of Zin.
 28891 | D:15     | Found a glowing golden altar of the Shining One.
 28930 | D:15     | 28930 ||| RIP GAUNTLET
 28948 | D:15     | 28948 ||| PLANNING D
 28958 | D:15     | Noticed Jorgrun
 28958 | D:15     | 28958 ||| Stepping ~*~*~tactically~*~*~ (hiding).
 28961 | D:15     | 28961 ||| INVOKING Berserk.
 28973 | D:15     | Killed Jorgrun
 29113 | D:15     | 29113 ||| Stepping ~*~*~tactically~*~*~ (hiding).
 29121 | D:15     | 29121 ||| Stepping ~*~*~tactically~*~*~ (hiding).
 29127 | D:15     | 29127 ||| Stepping ~*~*~tactically~*~*~ (hiding).
 29302 | D:15     | Noticed Rupert
 29303 | D:15     | 29303 ||| INVOKING Trog's Hand.
 29307 | D:15     | 29307 ||| INVOKING Berserk.
 29314 | D:15     | Killed Rupert
 29589 | D:15     | 29589 ||| Stepping ~*~*~tactically~*~*~ (hiding).
 29593 | D:15     | 29593 ||| INVOKING Berserk.
 29718 | D:15     | Found a staircase to the Depths.
 30044 | D:15     | 30044 ||| PLANNING ORC
 30044 | D:15     | 30044 ||| READING scroll labelled AKORAXZ ZUDE.
 30878 | Orc:1    | Entered Level 1 of the Orcish Mines
 30880 | Orc:1    | 30880 ||| INVOKING Trog's Hand.
 30884 | Orc:1    | Noticed Maurice
 30885 | Orc:1    | 30885 ||| INVOKING Berserk.
 30938 | Orc:1    | Killed Maurice
 30972 | Orc:1    | 30972 ||| INVOKING Berserk.
 30989 | Orc:1    | HP: 30/147 [orc knight/+0 long sword (9)]
 30990 | Orc:1    | 30990 ||| READING 10 scrolls of teleportation.
 30990 | Orc:1    | Mangled by an orc knight

Levels and vault maps discovered:
D:1:      ncdulo_lavacross, layout_basic, amethyst_killhole
D:2:      layout_rooms, serial_shops, nicolae_shop_hallway_stairs
D:3:      layout_basic, lemuel_zombie_altar_yredelemnul,
          nicolae_ecumenical_snake_handling, serial_shops,
          nicolae_shop_temple_entry_statues_fountains, st_stairs_12,
          hangedman_decor_peaks_small, uniq_sigmund, uniq_grinder, uniq_robin
D:4:      layout_cave_pools, minmay_overflow_temple_star_hex,
          minmay_temple_entry_hall, serial_shops, nicolae_take_the_stairs,
          serial_glass, glass_columns_a, glass_columns_a, minmay_surrounded,
          uniq_eustachio
D:5:      layout_loops_cross, pdpol_wu_jian_five_deadly_venoms,
          grunt_ministairs_6
D:6:      layout_basic, serial_shops, nicolae_shop_overgrown_old_shop,
          hangedman_feature_mirror, grunt_decor_one_mirror,
          uniq_crazy_yiuf_cottage
D:7:      layout_rooms, mainiacjoe_overflow_tiny_flanked,
          dreamdust_wishing_well, chequers_avenue, nicolae_evil_shop,
          uniq_joseph, uniq_maggie
D:8:      layout_basic, uniq_erica
D:9:      layout_irregular_city, nemelex_spade_bored_becter
D:10:     layout_loops_ring, trog_butcher_becter
D:11:     layout_long_grid, dpeg_lair_monsters, worms_lemuel
D:12:     kennysheep_treasure_stockpile, layout_irregular_city, erik_orc_2
D:13:     layout_loops_corners, david_vaults_3, nicolae_trove_entry_columns,
          serial_shops, nicolae_shop_statue_plus,
          nicolae_shop_overgrown_old_shop, nicolae_shop_statue_plus,
          gammafunk_ghost_mausoleum
D:14:     minmay_blocking_statues, layout_layer_cave, lemuel_doored_altar,
          uniq_agnes, uniq_azrael
D:15:     grunt_enter_depths_hoard, layout_loops_corners,
          gauntlet_entry_generic, good_gods_temple_1,
          minmay_misc_feat_more_columns, uniq_jorgrun, uniq_rupert
Lair:1:   layout_chaotic_city, uniq_urug
Lair:2:   layout_cave_pods, guppyfry_snake_entry_garden, uniq_amaemon
Lair:3:   layout_roguey, swamp_mist, basic_altar, beast_lair_carwin_11
Lair:4:   dpeg_oklob_shooting_range, layout_cave_pods, slime_entry_2,
          enter_volcano_2, beast_lair_carwin_6, grunt_megastairs_2
Lair:5:   hangedman_lair_caniforms_friends, layout_hall_layers, serial_forest,
          infiniplex_forest_clump_small, infiniplex_forest_3_way,
          infiniplex_forest_lined_ring, infiniplex_forest_side_room,
          infiniplex_forest_clump_large, infiniplex_forest_clump_small,
          infiniplex_forest_clump_tiny, infiniplex_forest_lined_2,
          infiniplex_forest_corner_1, infiniplex_forest_straight_5,
          chequers_serial_rivers_small_3
Orc:1:    layout_caves, special_room [special_room_orc], serial_shops,
          shop_statue, gammafunk_ghost_split, bh_open_orc_temple, uniq_maurice

Skill      XL: |  1  2  3  4  5  6  7  8  9 10 11 12 13 14 15 |
---------------+----------------------------------------------+-----
Axes           | 4 5 6 8 9 10 12 14 16 | 16.1
Fighting       | 4 5 6 7 8 10 12 14 16 17 | 17.0
Armour         | 4 6 7 8 9 11 13 16 | 16.0
Shields        | 3 7 9 10 11 12 14 15 | 15.6
Throwing       | 1 2 5 6 7 8 |  8.0
Dodging        | 3 4 6 7 8 |  8.2

Action                   |  1- 3 |  4- 6 |  7- 9 | 10-12 | 13-15 || total
-------------------------+-------+-------+-------+-------+-------++-------
Melee: Hand axe          |   104 |    23 |       |       |       ||   127
       Headbutt          |    13 |    12 |    37 |    82 |   234 ||   378
       Punch             |     1 |     1 |       |       |       ||     2
       War axe           |       |    57 |   233 |   387 |   807 ||  1484
       Flail             |       |       |       |     1 |       ||     1
Throw: Boomerang         |       |       |       |    69 |    31 ||   100
       Javelin           |       |       |       |    40 |    94 ||   134
Invok: Berserk           |     1 |     6 |     9 |    30 |    31 ||    77
       Trog's Hand       |       |     1 |       |     1 |     4 ||     6
       Brothers in Arms  |       |       |       |     2 |     5 ||     7
  Use: Scroll            |     2 |     4 |    17 |     6 |     7 ||    36
       Potion            |     1 |     2 |     2 |     6 |     1 ||    12
Armor: Animal skin       |    14 |     4 |       |       |       ||    18
       Leather armour    |       |    10 |       |       |       ||    10
       Ring mail         |       |     6 |       |       |       ||     6
       Chain mail        |       |       |    91 |    98 |   236 ||   425
       Plate armour      |       |       |    14 |    62 |   181 ||   257
Dodge: Dodged            |    50 |    47 |    59 |    97 |   248 ||   501
Block: Kite shield       |       |       |    78 |   191 |   487 ||   756

Table legend:
 A = Non-vault XP
 B = Vault XP
 C = Vault XP percentage of total XP
 D = Non-vault monster count
 E = Vault monster count
 F = Vault count percentage of total count
                 A         B        C        D         E       F
            +---------+---------+-------+---------+---------+-------
      Total |   82899 |   58185 |  41.2 |     429 |     214 |  33.3
            +---------+---------+-------+---------+---------+-------
        D:1 |      32 |       0 |   0.0 |      19 |       0 |   0.0
        D:2 |      93 |       2 |   2.1 |      22 |       2 |   8.3
        D:3 |      95 |     621 |  86.7 |      13 |      21 |  61.8
        D:4 |     177 |     220 |  55.4 |      19 |       5 |  20.8
        D:5 |     429 |      71 |  14.2 |      14 |       2 |  12.5
        D:6 |    1030 |     160 |  13.4 |      15 |       2 |  11.8
        D:7 |     994 |     839 |  45.8 |      20 |       2 |   9.1
        D:8 |    2224 |     844 |  27.5 |      27 |       1 |   3.6
        D:9 |    2316 |       0 |   0.0 |      33 |       0 |   0.0
       D:10 |    2218 |     390 |  15.0 |      17 |       4 |  19.0
       D:11 |    3464 |    3731 |  51.9 |      10 |      10 |  50.0
       D:12 |    6761 |    8708 |  56.3 |      26 |      31 |  54.4
       D:13 |    7925 |    6496 |  45.0 |      22 |      20 |  47.6
       D:14 |   15358 |   11851 |  43.6 |      33 |      26 |  44.1
       D:15 |    7983 |    5552 |  41.0 |      17 |       4 |  19.0
     Lair:1 |    4742 |     796 |  14.4 |      21 |       1 |   4.5
     Lair:2 |    3735 |    1514 |  28.8 |      11 |       4 |  26.7
     Lair:3 |    2535 |    1539 |  37.8 |       8 |       3 |  27.3
     Lair:4 |    3497 |    3799 |  52.1 |      10 |       8 |  44.4
     Lair:5 |   12475 |    9849 |  44.1 |      30 |      56 |  65.1
      Orc:1 |    4816 |    1203 |  20.0 |      42 |      12 |  22.2
            +---------+---------+-------+---------+---------+-------
